 Dungeon Crawl Stone Soup version 0.31.0-11-ge490571c62 (webtiles) character file.

Game seed: 7113438418840980166

56 qw the Shooter (level 3, -5/18 HPs)
             Began as a Spriggan Hunter on Feb 4, 2024.
             Killed from afar by Ijyb (12 damage)
             ... with a bolt of light
             ... on level 3 of the Dungeon.
             The game lasted 00:00:05 (1625 turns).

qw the Shooter (Spriggan Hunter)                    Turns: 1625, Time: 00:00:05

Health: -5/18      AC:  2    Str:  7    XL:     3   Next: 69%
Magic:  4/4        EV: 19    Int: 10    God:
Gold:   82         SH:  0    Dex: 20    Spells: 2/2 levels left

rFire   . . .        a - +0 shortbow
rCold   . . .        (shield currently unavailable)
rNeg    . . .        c - +0 robe
rPois   .            (helmet restricted)
rElec   .            (no cloak)
rCorr   .            (gloves unavailable)
SInv    +            (boots unavailable)
Will    +....        (no amulet)
Stlth   ++           g - ring of willpower
HPRegen 0.23/turn    (no ring)
MPRegen 0.09/turn

%: no passive effects
@: very quick
A: very small, no large weapons, unfitting armour, see invisible, speed 3
a: no special abilities


You were on level 3 of the Dungeon.
You visited 1 branch of the dungeon, and saw 3 of its levels.

You collected 82 gold pieces.


Innate Abilities, Weirdness & Mutations

You are very small and have problems with some larger weapons.
You are too small for most types of armour.
You have supernaturally acute eyesight. (SInv)
You cover ground extremely quickly. (Speed+++)


   Skills:
 - Level 1.5 Fighting
 + Level 4.9 Ranged Weapons
 - Level 4.0 Dodging
 - Level 1.5 Stealth


You had 2 spell levels left.
You didn't know any spells.
Your spell library was empty.

Inventory:

Hand Weapons
 a - a +0 shortbow (weapon)
Armour
 c - a +0 robe (worn)
Jewellery
 g - a ring of willpower (left hand)
Potions
 e - a potion of lignification {unknown}
 f - a potion of enlightenment {unknown}
 h - a potion of cancellation {unknown}
 i - a potion of curing {unknown}

Dungeon Overview and Level Annotations

Branches:
Dungeon (3/15)

Altars:
Hepliaklqana

Annotations:
D:3 Ijyb


Message History

The kobold barely misses you.
You climb upwards.
Your ball python dissolves into shadows!
There is a stone staircase leading down here.
You shoot an arrow. The arrow hits the kobold!
You kill the kobold!
You climb downwards.
The orc closely misses you.
There is a stone staircase leading up here.
You shoot an arrow. The arrow closely misses the orc.
The orc misses you.
You shoot an arrow. The arrow hits the orc.
The orc is heavily wounded.
The orc barely misses you.
You shoot an arrow. The arrow barely misses the orc.
The orc misses you. The orc hits you with a +0 flail!
You shoot an arrow. The arrow hits the orc.
You kill the orc!
You start resting.
HP restored.
Things that are here:
a +0 flail; a +0 leather armour; an orc corpse
Found a stone staircase leading up.
You see here an orb of energy.
Ijyb the Twisted Goblin comes into view.
She is wielding a +0 dagger and carrying a wand of light.
Things that are here:
5 stones; 7 gold pieces You shoot an arrow.
The arrow hits Ijyb but does no damage.
Ijyb shouts!
You now have 82 gold pieces (gained 7).
You see here 5 stones.
Ijyb is nearby!
You shoot an arrow. The arrow barely misses Ijyb.
Ijyb zaps a wand.
The bolt of light hits you!
Ouch! That really hurt!
You shoot an arrow. The arrow hits Ijyb but does no damage.
You shoot an arrow. The arrow hits Ijyb.
Ijyb is moderately wounded.
Ijyb zaps a wand.
The bolt of light hits you!
Ouch! That really hurt!
You die...

####.### #######
#......# .......
#.##.#.# #|....
#.##.#.# #.....
#.##.#.# #.....
#.##.#.# #.....
#.##.#.#
#.....###.#.....#
#.....@..###..###
#.#.#g###.#.###
#. ##.[# .. #..#
##. #..# .. #..#
#. ...# .. ....<
.#.##


You could see Ijyb.

Vanquished Creatures
  An adder (D:2)
  5 dart slugs
  An orc (D:3)
  5 bats (D:2)
  2 endoplasms
  A giant cockroach (D:2)
  4 goblins
  2 hobgoblins (D:1)
  2 quokkas (D:2)
  A ball python (D:2)
  A frilled lizard (D:1)
  6 kobolds
  A rat (D:1)
32 creatures vanquished.

Notes
Turn   | Place    | Note
-------+----------+-------------------------------------------
     0 | D:1      | qw the Spriggan Hunter began the quest for the Orb.
     0 | D:1      | Reached XP level 1. HP: 10/10 MP: 2/2
     0 | D:1      | 0 ||| qw: Version: 0.3-a-160-g6735b56
     0 | D:1      | 0 ||| qw: Game counter: 4786
     0 | D:1      | 0 ||| qw: Melee chars always use a shield: true
     0 | D:1      | 0 ||| qw: God list: Okawaru
     0 | D:1      | 0 ||| qw: Allow faded altars: false
     0 | D:1      | 0 ||| qw: Do Orc after clearing Dungeon:15 true
     0 | D:1      | 0 ||| qw: Do second Lair branch before Depths: true
     0 | D:1      | 0 ||| qw: Lair rune preference: random
     0 | D:1      | 0 ||| qw: Goals: Normal
     0 | D:1      | 0 ||| PLANNING D:1-11
    65 | D:1      | Reached skill level 3 in Dodging
   164 | D:1      | Reached XP level 2. HP: 14/14 MP: 3/3
   794 | D:1      | 794 ||| UPGRADING to ring of willpower.
   795 | D:1      | 795 ||| READING scroll labelled UKHLOF ZOANWE.
   800 | D:1      | 800 ||| READING scroll labelled VIZXAW WICAO.
   801 | D:1      | 801 ||| DROPPING scroll of butterflies.
   863 | D:2      | Reached XP level 3. HP: 9/18 MP: 4/4
  1280 | D:2      | Found a hazy altar of Hepliaklqana.
  1427 | D:2      | Found a faded altar of an unknown god.
  1520 | D:2      | 1520 ||| READING scroll labelled FEGRUH KEEZE.
  1521 | D:2      | 1521 ||| READING scroll labelled CITUS BUISHO.
  1521 | D:2      | 1521 ||| ENCHANTING +0 shortbow.
  1543 | D:3      | 1543 ||| STAIRDANCE
  1620 | D:3      | Noticed Ijyb
  1625 | D:3      | Killed from afar by Ijyb

Levels and vault maps discovered:
D:1:      minmay_arrival_nine_rooms, layout_basic
D:2:      layout_basic, basic_altar, hellmonk_ecumenical_altar_leap_of_faith,
          minmay_misc_feat_doors, grunt_ministairs_9
D:3:      layout_loops_cross, minmay_misc_feat_five, minmay_fractal_squares_5,
          uniq_ijyb, uniq_crazy_yiuf_cottage, uniq_grinder

Skill      XL: |  1  2 |
---------------+-------+-----
Dodging        | 3 4 |  4.0
Fighting       | |  1.5
Ranged Weapons | |  4.9
Stealth        | |  1.5

Action                     || total
---------------------------++-------
   Fire: Shortbow          ||    92
    Use: Scroll            ||     4
 Armour: Robe              ||    10
  Dodge: Dodged            ||    32

Table legend:
 A = Non-vault XP
 B = Vault XP
 C = Vault XP percentage of total XP
 D = Non-vault monster count
 E = Vault monster count
 F = Vault count percentage of total count
                 A         B        C        D         E       F
            +---------+---------+-------+---------+---------+-------
      Total |      77 |       3 |   3.8 |      30 |       2 |   6.2
            +---------+---------+-------+---------+---------+-------
        D:1 |      31 |       0 |   0.0 |      14 |       0 |   0.0
        D:2 |      43 |       3 |   6.5 |      15 |       2 |  11.8
        D:3 |       3 |       0 |   0.0 |       1 |       0 |   0.0
            +---------+---------+-------+---------+---------+-------
